 Dungeon Crawl Stone Soup version 0.27-a0-1612-gde56a17b89 (webtiles) character file.

Game seed: 11940996052702145689

3821 Spaninq the Cruncher (level 9, -27/71 HPs)
             Began as a Demonspawn Gladiator on July 21, 2021.
             Was a Follower of Okawaru.
             Annihilated by a komodo dragon (29 damage)
             ... on level 1 of the Lair of Beasts.
             The game lasted 00:17:34 (10710 turns).

Spaninq the Cruncher (Demonspawn Gladiator)        Turns: 10710, Time: 00:17:35

Health: -27/71     AC: 14    Str: 17    XL:     9   Next: 97%
Magic:  9/9        EV: 11    Int: 10    God:    Okawaru [*.....]
Gold:   311        SH:  0    Dex: 15    Spells: 8/8 levels left

rFire    . . .     SeeInvis .   w - +3 quarterstaff (chaos)
rCold    . . .     Faith    .   (shield currently unavailable)
rNeg     . . .     Spirit   .   f - +0 chain mail
rPois    .         Reflect  .   c - +0 helmet
rElec    .         Harm     .   x - +1 cloak
rCorr    .         Rampage  .   a - +0 pair of gloves
Will     .....                  (no boots)
Stlth    ..........             (no amulet)
HPRegen  0.21/turn              (no ring)
MPRegen  0.11/turn              (no ring)

@: no status effects
A: hooves 1, powered by death 1, spiny 1, sturdy frame 1
a: Renounce Religion, Heroism


You were on level 1 of the Lair of Beasts.
You worshipped Okawaru.
Okawaru was aware of your devotion.
You visited 3 branches of the dungeon, and saw 10 of its levels.

You collected 441 gold pieces.
You spent 130 gold pieces at shops.

Inventory:

Hand Weapons
 w - a +3 quarterstaff of chaos (weapon)
Missiles
 d - 2 throwing nets (quivered)
Armour
 a - a +0 pair of gloves (worn)
 c - a +0 helmet (worn)
 f - a +0 chain mail (worn)
 x - a +1 cloak (worn)
Wands
 e - a wand of iceblast (12)
 n - a wand of polymorph (6)
 q - a wand of paralysis (14)
 s - a wand of mindburst (6)
 y - a wand of flame (23)
Scrolls
 g - 2 scrolls of identify
 h - a scroll of blinking
 k - 6 scrolls of teleportation
 r - a scroll of enchant weapon
 t - a scroll of fear {unknown}
Potions
 b - 2 potions of heal wounds
 i - 3 potions of might
 j - 4 potions of curing
 l - a potion of resistance {unknown}
 m - a potion of haste {unknown}
 o - 4 potions of lignification
 p - a potion of cancellation {unknown}
 u - 5 potions of flight
 v - a potion of berserk rage {unknown}


   Skills:
 + Level 6.7 Fighting
 * Level 8.8 Staves
 - Level 1.8 Throwing
 + Level 5.7 Armour
 + Level 6.4 Dodging
 + Level 0.7 Invocations


You had 8 spell levels left.
You didn't know any spells.
Your spell library contained the following spells:

 Spells                   Type           Power      Damage    Failure   Level
 Frozen Ramparts          Ice            0%         1d2       100%        3
 Ozocubu's Armour         Ice            0%         N/A       100%        3
 Ice Form                 Ice/Tmut       0%         N/A       100%        4
 Summon Ice Beast         Ice/Summ       0%         N/A       100%        4
 Ozocubu's Refrigeration  Ice            0%         4d5       100%        7


Dungeon Overview and Level Annotations

Branches:
Dungeon (8/15)             Temple (1/1) D:7            Lair (1/6) D:8

Altars:
Ashenzari
Cheibriados
Dithmenos
Elyvilon
Fedhas
Gozag
Hepliaklqana
Kikubaaqudgha
Okawaru
Qazlal
Ru
Sif Muna
Trog
Uskayaw
Vehumet
Wu Jian
Xom
Yredelemnul
Zin
The Shining One
Beogh

Shops:
D:2 [   D:4 (


Innate Abilities, Weirdness & Mutations

You have large cloven feet.
You regenerate a little health from kills.
You are partially covered in sharp spines.
Your movements are slightly less encumbered by armour. (ER -2)


Message History

Found a robe.
Found a robe.
You see here a +0 robe.
Found a scroll of identify.
Found a stone staircase leading down.
A komodo dragon comes into view.
The komodo dragon hisses angrily.
You see here a scroll of identify.
g - 2 scrolls of identify (gained 1)
You barely miss the komodo dragon.
You kick the komodo dragon, but do no damage.
The komodo dragon barely misses you.
You hit the komodo dragon.
The komodo dragon goes berserk!
You kick the komodo dragon, but do no damage.
The komodo dragon is lightly wounded.
The komodo dragon bites you but does no damage.
You thump the komodo dragon!
Space warps horribly around the komodo dragon!
You kick the komodo dragon.
The komodo dragon is heavily wounded.
The komodo dragon bites you. The komodo dragon misses you.
You hit the komodo dragon.
The komodo dragon seems to slow down.
You freeze the komodo dragon. You kick the komodo dragon.
The komodo dragon is heavily wounded.
You barely miss the komodo dragon. You kick the komodo dragon.
The komodo dragon is severely wounded.
The komodo dragon bites you.
You sock the komodo dragon!
You kick the komodo dragon, but do no damage.
The komodo dragon is severely wounded.
The komodo dragon is no longer moving slowly.
The komodo dragon bites you!!
You completely miss the komodo dragon. You kick the komodo dragon.
The komodo dragon is almost dead.
The komodo dragon bites you!!!
Ouch! That really hurt!
* * * LOW HITPOINT WARNING * * *
The komodo dragon is struck by your spines.
The komodo dragon bites you!!
You die...

...............[#
........#####....##
#..P.#... #.....#
.#.....#.#####....##
.......#.##.#P....#
..................#
..................#
.......#..P.##....#
......l@....##....#
......>#.#P.##....#
####..#..##.##....#
#..##.##.##....# ...
P.#P.#.....# ....
..#... .... .... .
.... ....


You could see a komodo dragon (berserk).

Vanquished Creatures
  Harold (D:8)
  Grinder (D:3)
  A shadow (D:6)
  A wyvern (D:5)
  3 yaks (D:6)
  Menkaure (D:5)
  A water moccasin (D:5)
  A hornet zombie (D:7)
  A sky beast (D:8)
  A necrophage (D:6)
  3 ogres
  3 centaurs
  2 kobold brigands
  2 scorpions
  3 howler monkeys
  A centaur zombie (D:6)
  A bullfrog zombie (D:6)
  A hound (D:5)
  2 jellies
  2 orc priests
  Crazy Yiuf (D:5)
  5 iguanas
  5 orc wizards
  A hound zombie (D:5)
  7 gnolls
  7 adders
  A white imp (D:7)
  5 worms
  A dart slug (D:4)
  25 orcs
  9 ball pythons
  12 bats
  12 endoplasms
  3 giant cockroaches
  8 goblins
  7 hobgoblins
  6 jackals
  4 quokkas
  3 frilled lizards
  12 kobolds
  5 rats
171 creatures vanquished.

Vanquished Creatures (collateral kills)
  An orc (D:8)
1 creature vanquished.

Vanquished Creatures (others)
  A fungus (D:1)
  2 plants
  A withered plant (D:1)
4 creatures vanquished.

Grand Total: 176 creatures vanquished

Notes
Turn   | Place    | Note
-------+----------+-------------------------------------------
     0 | D:1      | Spaninq the Demonspawn Gladiator began the quest for the
                  | Orb.
     0 | D:1      | Reached XP level 1. HP: 16/16 MP: 1/1
   116 | D:1      | Gained mutation: Your movements are slightly less
                  | encumbered by armour. (ER -2) [demonic ancestry]
   116 | D:1      | Reached XP level 2. HP: 8/22 MP: 2/2
   408 | D:1      | Reached skill level 3 in Staves
   618 | D:1      | Found a faded altar of an unknown god.
   854 | D:1      | Reached XP level 3. HP: 28/28 MP: 3/3
  1393 | D:2      | Found Citeuc's Antique Armour Shoppe.
  1443 | D:2      | Reached skill level 1 in Armour
  2174 | D:2      | Reached XP level 4. HP: 22/34 MP: 4/4
  2341 | D:2      | Found a blossoming altar of Fedhas.
  2341 | D:2      | Noticed a scorpion
  2352 | D:2      | Killed a scorpion
  2700 | D:3      | Reached XP level 5. HP: 37/40 MP: 5/5
  3026 | D:3      | Reached skill level 4 in Staves
  3425 | D:3      | Noticed Grinder
  3461 | D:3      | Killed Grinder
  3462 | D:3      | Gained mutation: You regenerate a little health from kills.
                  | [demonic ancestry]
  3462 | D:3      | Reached XP level 6. HP: 20/47 MP: 6/6
  4445 | D:4      | Found a sacrificial altar of Ru.
  4526 | D:4      | Found Tamunnao's Antique Weapon Shop.
  4534 | D:4      | Reached skill level 5 in Staves
  4600 | D:4      | Gained mutation: You have large cloven feet. [demonic
                  | ancestry]
  4600 | D:4      | Reached XP level 7. HP: 40/53 MP: 7/7
  4609 | D:5      | Entered Level 5 of the Dungeon
  4935 | D:5      | Noticed Menkaure
  6437 | D:5      | Found a runed translucent door.
  6438 | D:5      | Noticed Crazy Yiuf
  6507 | D:5      | Reached XP level 8. HP: 54/61 MP: 8/8
  6572 | D:5      | Reached skill level 6 in Staves
  6945 | D:5      | Killed Menkaure
  7187 | D:5      | Killed Crazy Yiuf
  7188 | D:5      | Reached skill level 5 in Fighting
  7309 | D:2      | Bought a pair of gloves for 130 gold pieces
  7411 | D:6      | Reached skill level 5 in Dodging
  7656 | D:6      | Reached skill level 7 in Staves
  7675 | D:6      | Gained mutation: You are partially covered in sharp spines.
                  | [demonic ancestry]
  7675 | D:6      | Reached XP level 9. HP: 26/69 MP: 9/9
  8850 | D:7      | Found a staircase to the Ecumenical Temple.
  8881 | Temple   | Entered the Ecumenical Temple
  8912 | Temple   | Became a worshipper of Warmaster Okawaru
  9154 | D:7      | Reached skill level 5 in Armour
  9155 | D:7      | Found an opulent altar of Gozag.
  9319 | D:8      | Found a broken altar of Ashenzari.
  9329 | D:8      | Found a basalt altar of Yredelemnul.
  9377 | D:8      | Reached skill level 8 in Staves
  9522 | D:8      | Noticed a two-headed ogre
  9781 | D:8      | Found a staircase to the Lair.
  9794 | D:8      | Noticed Harold
  9815 | D:8      | Killed Harold
  9815 | D:8      | Reached * piety under Okawaru
 10677 | Lair:1   | Entered Level 1 of the Lair of Beasts
 10700 | Lair:1   | Noticed a komodo dragon
 10710 | Lair:1   | HP: 2/71 [komodo dragon (40)]
 10710 | Lair:1   | Annihilated by a komodo dragon

Illustrated notes

Levels and vault maps discovered:
D:1:      grunt_arrival_crossed_arrows, layout_loops_cross,
          shapermc_ecumenical_altar_gd
D:2:      layout_basic, basic_altar, serial_shops, nicolae_shop_waterfront,
          minmay_tromino_mix6
D:3:      minmay_door_path, layout_basic, uniq_grinder
D:4:      layout_cave_pools, lemuel_doored_altar, serial_shops,
          nicolae_stop_n_shop_2
D:5:      layout_loops_corners, uniq_menkaure, uniq_crazy_yiuf_cottage
D:6:      layout_loops_cross
D:7:      layout_rooms, grunt_gozag_statues, minmay_temple_entry_nine_rooms
D:8:      layout_layer_cave, ashenzari_altar_1, mainiacjoe_overflow_paths,
          lair_entry_dummy, special_room [special_room_orc], uniq_harold
Temple:   lightli_temple_of_artemis
Lair:1:   layout_gridlike, ebering_ghost_reflecting_pool

Skill      XL: |  1  2  3  4  5  6  7  8  9 |
---------------+----------------------------+-----
Staves         | 3 4 5 7 8 |  8.8
Dodging        | 3 4 5 6 |  6.4
Armour         | 1 2 3 4 5 |  5.7
Fighting       | 3 4 5 6 |  6.7
Throwing       | |  1.8
Invocations    | |  0.7

Action                   |  1- 3 |  4- 6 |  7- 9 || total
-------------------------+-------+-------+-------++-------
Melee: Quarterstaff      |   182 |   154 |   280 ||   616
       Kick              |       |       |    80 ||    80
  Use: Potion            |       |       |     1 ||     1
       Scroll            |       |       |    12 ||    12
Armor: Leather armour    |    11 |       |       ||    11
       Chain mail        |    86 |    54 |   111 ||   251
       Skin              |       |       |    13 ||    13
Dodge: Dodged            |   102 |    53 |   121 ||   276

Table legend: (Time is in decaauts)
 A = Elapsed time spent in this place.
 B = Non-inter-level travel time spent in this place.
 C = Inter-level travel time spent in this place.
 D = Time resting spent in this place.
 E = Time spent auto-exploring this place.
 F = Levels seen in this place.
 G = Mean time per level.
                   A        B        C        D        E       F      G
               +--------+--------+--------+--------+--------+-----+--------+
         Total |  10763 |  10257 |    506 |   2502 |   5983 |  10 | 1076.3 |
       Dungeon |  10618 |  10122 |    496 |   2502 |   5893 |   8 | 1327.2 |
        Temple |    112 |    102 |     10 |      0 |     68 |   1 |  112.0 |
          Lair |     32 |     32 |      0 |      0 |     22 |   1 |   32.0 |
               +--------+--------+--------+--------+--------+-----+--------+

Top non-repeatable levels by time:
     D:3: 1809 daAuts
     D:2: 1512 daAuts
     D:5: 1451 daAuts
     D:6: 1416 daAuts
     D:8: 1298 daAuts
     D:1: 1277 daAuts
     D:4: 1227 daAuts
     D:7: 626 daAuts
  Temple: 112 daAuts
  Lair:1: 32 daAuts
